AoeStats
← akroman2

Arabia

507938934Analyzed
3v3 RM · 13d ago on Sep 20, 2026· 23m 17s· 6 players
Game mode
Random Map
Map size
Normal (6 player)
Population
200
Speed
Normal
Resources
Standard
Victory
Conquest
Starting age
Dark Age
Ending age
Imperial Age
RankedLock teamsTeams togetherTeam positionsShared explorationLock speedFull tech treeHidden civsTurbo modeCheats
Victory
Defeat
🇫🇷 Japanese · France
1146
+11
🇬🇧 Maya · United Kingdom
1137
+11
🇫🇷 Lithuanians · France
1089
+12
🇷🇺 Cumans · Russia
1047
-12
🇮🇳 Celts · India
1018
-11
🇮🇳 Georgians · India
1004
-11
akroman2
10:45 Feudal Age
11:29 Double-Bit Axe
12:41 Loom
13:58 Wheelbarrow
14:50 Horse Collar
20:53 Fletching
Maverick
4:17 Loom
13:03 Feudal Age
Avalon
2:24 Loom
10:38 Feudal Age
12:17 Stone Mining
12:55 Town Watch
16:40 Wheelbarrow
15:53 Double-Bit Axe
19:43 Horse Collar
23:24 Castle Age
21:56 Fletching
22:30 Forging
Manoow
10:47 Feudal Age
13:18 Loom
16:11 Castle Age
15:45 Forging
15:42 Scale Barding Armor
18:57 Wheelbarrow
22:41 Bloodlines
alexisoutch
0:25 Loom
10:02 Feudal Age
11:17 Double-Bit Axe
12:44 Fletching
17:22 Town Watch
19:22 Wheelbarrow
22:27 Castle Age
22:29 Crossbowman
23:19 Thumb Ring
23:40 Bodkin Arrow
Novax
6:53 Loom
10:22 Feudal Age
10:25 Man-at-Arms
11:53 Double-Bit Axe
11:48 Horse Collar
13:53 Town Watch
15:38 Fletching
21:56 Castle Age
22:21 Crossbowman
23:01 Bodkin Arrow
Connection lost

Rejoining the realm…

Still unreachable

The connection could not be restored.

Session expired

The server has moved on; the page needs a fresh start.